 Dungeon Crawl Stone Soup version 0.26.1-2-gb8aa6d0 (webtiles) character file.

Game seed: 10219597053289288851

1477 Geeful the Covert (level 8, -9/57 HPs)
             Began as an Octopode Delver on Apr 4, 2021.
             Was a Follower of Sif Muna.
             Mangled by an orc warrior
             ... wielding a +0 war axe
              (14 damage)
             ... on level 6 of the Dungeon.
             The game lasted 00:18:01 (6946 turns).

Geeful the Covert (Octopode Delver)                 Turns: 6946, Time: 00:18:02

Health: -9/57      AC:  1    Str: 11    XL:     8   Next: 78%
Magic:  23/23      EV: 16    Int: 15    God:    Sif Muna [*.....]
Gold:   331        SH:  0    Dex: 13    Spells: 15/15 levels left

rFire    . . .     SeeInvis .   a - +3 dagger (venom)
rCold    . . .     Faith    .   (no shield)
rNeg     . . .     Spirit   .   (helmet restricted)
rPois    .         Reflect  .   t - amulet of regeneration
rElec    .         Harm     .   q - ring of magical power
rCorr    .         Rampage  .   (no ring)
Will     .....                  (no ring)
Stlth    +++++.....             (no ring)
HPRegen  0.59/turn              (no ring)
MPRegen  0.18/turn              (no ring)
                                (no ring)
                                (no ring)

@: no status effects
A: almost no armour, stealthy swim, amphibious, 8 rings, constrict 8, camouflage
1, gelatinous body 1
a: Renounce Religion, Channel Magic


You were on level 6 of the Dungeon.
You worshipped Sif Muna.
Sif Muna was aware of your devotion.
You visited 2 branches of the dungeon, and saw 7 of its levels.

You collected 331 gold pieces.

Inventory:

Hand Weapons
 a - a +3 dagger of venom (weapon)
 b - a +0 dagger of draining
Missiles
 o - 2 throwing nets (quivered)
 u - 7 poisoned darts
Jewellery
 q - a ring of magical power (left tentacle)
 t - an amulet of regeneration (around mantle)
Wands
 f - a wand of digging (8)
 n - a wand of random effects (13)
Scrolls
 c - 3 scrolls of magic mapping
 d - 3 scrolls of fog
 h - 3 scrolls of remove curse
 i - 3 scrolls of enchant armour
 k - 4 scrolls of teleportation
 m - 3 scrolls of identify
 p - a scroll of fear
 s - 2 scrolls of enchant weapon
 w - a scroll of noise {unknown}
Potions
 e - 2 potions of haste
 g - a potion of heal wounds
 j - a potion of flight
 l - 3 potions of curing
 r - a potion of brilliance
 v - a potion of might


   Skills:
 + Level 6.0 Fighting
 - Level 2.0 Short Blades
 + Level 5.6 Dodging
 + Level 10.0 Stealth
 + Level 4.1 Spellcasting
 + Level 2.2 Invocations


You had 15 spell levels left.
You didn't know any spells.
Your spell library contained the following spells:

 Spells                   Type           Power        Failure   Level
 Beastly Appendage        Tmut           6%           19%         1
 Wereblood                Tmut           3%           26%         2
 Spider Form              Tmut/Pois      1%           47%         3
 Ice Form                 Ice/Tmut       3%           87%         4
 Blade Hands              Tmut           1%           99%         5


Dungeon Overview and Level Annotations

Branches:
Dungeon (6/15)             Temple (1/1) D:5

Altars:
Ashenzari
Cheibriados
Dithmenos
Fedhas
Gozag
Hepliaklqana
Kikubaaqudgha
Makhleb
Nemelex Xobeh
Okawaru
Qazlal
Ru
Sif Muna
Trog
Uskayaw
Wu Jian
Yredelemnul
Zin

Annotations:
D:6 3 runed translucent doors, Kave's ghost, novice TrTm


Innate Abilities, Weirdness & Mutations

You cannot wear most types of armour.
You are very stealthy in the water. (Stealth+)
You are amphibious.
You can wear up to eight rings at the same time.
You can use your tentacles to constrict eight enemies at once.
Your skin changes colour to match your surroundings (Stealth+).
Your rubbery body absorbs attacks. (AC +1, EV +1)


Message History

* * * LOW HITPOINT WARNING * * *
The orc warrior closely misses you. The orc priest closely misses you.
You hit the orc priest.
The orc priest is poisoned.
You grab the orc priest.
The orc priest is lightly wounded.
You constrict the orc priest. The orc priest misses you.
You hit the orc priest but do no damage.
The orc priest looks as sick as possible!
You squeeze the orc priest, but do no damage.
The orc priest is heavily wounded.
You constrict the orc priest, but do no damage.
The orc priest closely misses you.
You hit the orc priest.
The orc priest looks as sick as possible!
The orc priest is almost dead.
You constrict the orc priest, but do no damage.
You kill the orc priest!
Sif Muna accepts your kill.
The orc warrior hits you with a +0 war axe!
You die...

**,,** *** *,**,,* ****
*,,,***##.* **,,..#
*,,*###**,,,..#* *,,..#*
******,...###**#.# **....#*
*,** **......###.# *#.....#*
**,**#...........##
*#.#**#..#*
**,*.............###..# *#..#
*,,.................#* ##..
*,,.........@o.....#* ##...
*,,........).o.....## *#....
**#.................####....#
#........?.........#....###
#......................###.
#.....................###..
#...............#.....##..#
#.............[##.........#
*###..............##........##


You could see an orc warrior (very poisoned) and an orc.

Vanquished Creatures
  Sigmund (D:2)
  An ice beast (D:5)
  A phantom (D:6)
  An ogre (D:4)
  2 centaurs (D:5)
  A big kobold (D:6)
  A scorpion (D:6)
  3 howler monkeys
  3 hounds (D:4)
  3 orc wizards
  A bullfrog skeleton (D:6)
  2 orc priests
  An iguana (D:4)
  Terence (D:3)
  3 worker ants
  14 adders
  3 river rats (D:6)
  A shadow imp (D:5)
  An ooze (D:1)
  3 worms
  2 dart slugs
  2 leopard geckos
  14 orcs
  3 ball pythons
  10 bats
  4 giant cockroaches
  18 hobgoblins
  6 jackals
  12 kobolds
  2 quokkas
  5 frilled lizards
  12 goblins
  11 rats
148 creatures vanquished.

Notes
Turn   | Place    | Note
-------+----------+-------------------------------------------
     0 | D:5      | Geeful the Octopode Delver began the quest for the Orb.
     0 | D:5      | Reached XP level 1. HP: 16/16 MP: 1/1
     7 | D:6      | Noticed a scorpion
    28 | D:6      | Noticed an orc priest
    29 | D:6      | Noticed an orc warrior
    98 | D:4      | Noticed a hound
   116 | D:4      | Killed a hound
   117 | D:4      | Reached skill level 7 in Stealth
   117 | D:4      | Reached XP level 2. HP: 21/21 MP: 2/2
   117 | D:4      | Reached XP level 3. HP: 26/26 MP: 3/3
   511 | D:2      | Reached XP level 4. HP: 30/32 MP: 4/4
  1731 | D:2      | Reached XP level 5. HP: 29/37 MP: 6/6
  2005 | D:2      | Reached skill level 1 in Spellcasting
  2013 | D:2      | Found a burning altar of Makhleb.
  2095 | D:2      | Noticed Sigmund
  2145 | D:3      | Found a shadowy altar of Dithmenos.
  2156 | D:3      | Found an opulent altar of Gozag.
  2268 | D:3      | Noticed Terence
  2280 | D:3      | Killed Terence
  2722 | D:3      | Reached skill level 8 in Stealth
  2722 | D:3      | Reached XP level 6. HP: 43/43 MP: 8/8
  3624 | D:4      | Reached XP level 7. HP: 49/49 MP: 10/10
  4115 | D:2      | Killed Sigmund
  4116 | D:2      | Reached skill level 5 in Fighting
  4116 | D:2      | Reached skill level 9 in Stealth
  4674 | D:5      | Reached skill level 5 in Dodging
  4674 | D:5      | Reached XP level 8. HP: 25/55 MP: 13/13
  4959 | D:5      | Found a staircase to the Ecumenical Temple.
  4970 | Temple   | Entered the Ecumenical Temple
  5192 | Temple   | Became a worshipper of Sif Muna the Loreminder
  5928 | D:6      | Reached skill level 1 in Invocations
  6158 | D:6      | Found a hazy altar of Hepliaklqana.
  6329 | D:6      | Reached * piety under Sif Muna
  6612 | D:6      | Reached skill level 10 in Stealth
  6900 | D:6      | Found a runed translucent gate.
  6900 | D:6      | Found a runed translucent gate.
  6900 | D:6      | Found a runed translucent gate.
  6900 | D:6      | Noticed Kave's ghost (novice TrTm)
  6941 | D:6      | HP: 2/57 [orc warrior/+0 war axe (18)]
  6946 | D:6      | Mangled by an orc warrior

Illustrated notes

Levels and vault maps discovered:
D:1:      shiori_arrival_elements, layout_loops_corners
D:2:      layout_loops_corners, lemuel_statue_altar, uniq_sigmund
D:3:      layout_loops_ring, nicolae_overflow_hidden_temple, uniq_terence
D:4:      layout_loops_cross, enter_ossuary_1
D:5:      layout_cave_pods, minmay_temple_entry_glassed_door
D:6:      cheibrodos_thug_alley, layout_layer_cave, nzn_hepliaklqana_mist_gate,
          ebering_ghost_rock_garden, lightli_sewer_entry_pipes
Temple:   dpeg_chambers_temple

Skill      XL: |  1  2  3  4  5  6  7  8 |
---------------+-------------------------+-----
Stealth        | 7 8 9 10 | 10.0
Dodging        | 3 4 5 |  5.6
Spellcasting   | 1 2 3 4 |  4.1
Fighting       | 4 5 6 |  6.0
Invocations    | 2 |  2.2
Short Blades   | |  2.0

Action                   |  1- 3 |  4- 6 |  7- 9 || total
-------------------------+-------+-------+-------++-------
Melee: Short sword       |    20 |       |       ||    20
       Constrict         |     6 |    31 |    20 ||    57
       Dagger            |    14 |   134 |   118 ||   266
       Tentacles         |     2 |    20 |    14 ||    36
Throw: Throwing net      |       |       |     1 ||     1
  Use: Scroll            |       |     7 |     6 ||    13
 Stab: Sleeping          |     6 |    36 |    24 ||    66
       Distracted        |       |     1 |     1 ||     2
Armor: Skin              |     1 |     7 |     4 ||    12
Dodge: Dodged            |    11 |    64 |    48 ||   123
